 Dungeon Crawl Stone Soup version 0.17.0-22-g5edae84 (console) character file.

24 gw the Ruffian (level 2, 0/23 HPs)
             Began as a Draconian Transmuter on Nov 12, 2015.
             Succumbed to an adder's poison
             ... on level 2 of the Dungeon.
             The game lasted 00:00:51 (1313 turns).

gw the Ruffian (Draconian Transmuter)               Turns: 1313, Time: 00:00:51

Health: 0/23       AC:  4    Str: 12    XL:     2   Next: 79%
Magic:  5/5        EV: 12    Int: 13    God:    Xom [..*...]
Gold:   56         SH:  0    Dex: 11    Spells: 1 memorised, 4 levels left

rFire  . . .     SeeInvis .       - Unarmed
rCold  . . .     Clarity  .     (armour unavailable)
rNeg   . . .     SustAt   .     (no shield)
rPois  .         Gourm    .     (helmet restricted)
rElec  .         Spirit   .     (no cloak)
rCorr  .         Warding  .     (no gloves)
rMut   .         Stasis   .     (boots currently unavailable)
MR     .....                    (no amulet)
Stlth  +.........               (no ring)
                                (no ring)

@: lethally poisoned (0 -> -6), appendage (expiring), not resistant to hostile
enchantments, very unstealthy
A: unfitting armour, talons 3, cold-blooded, AC +4
a: End Transformation, Renounce Religion


You were on level 2 of the Dungeon.
You worshipped Xom.
You were a toy of Xom.
You were not hungry.
You had grown temporary talons.
You visited 1 branch of the dungeon, and saw 2 of its levels.

You collected 56 gold pieces.

Inventory:

Missiles
 a - 27 arrows
 c - 14 stones (quivered)
Books
 b - a book of Changes

   Spells                             Type                      Level
   a - Beastly Appendage              Transmutation                1
   b - Sticks to Snakes               Transmutation                2
   c - Spider Form                    Transmutation/Poison         3
   d - Ice Form                       Ice/Transmutation            4
   e - Blade Hands                    Transmutation                5


   Skills:
 + Level 1.5 Fighting
 + Level 2.1 Dodging
 + Level 3.2 Unarmed Combat
 * Level 2.2 Spellcasting
 + Level 2.3 Transmutations


You had 4 spell levels left.
You knew the following spells:

 Your Spells              Type           Power        Failure   Level  Hunger
a - Beastly Appendage     Trmt           #.....       12%         1    ##.....


Dungeon Overview and Level Annotations

Branches:
Dungeon (2/15)

Altars:
Trog
Xom


Innate Abilities, Weirdness & Mutations

Your plain brown scales are hard (AC +4).
Your body does not fit into most forms of armour.
You are cold-blooded and may be slowed by cold attacks.
You have claws for feet.


Message History

Unknown command.
Unknown command.
Unknown command.
Unknown command.
ATTACKING (0,1)
You swing at nothing.
You feel sick.
Unknown command.
Unknown command.
Unknown command.
Unknown command.
ATTACKING (0,1)
You swing at nothing.
Unknown command.
Unknown command.
Unknown command.
Unknown command.
ATTACKING (0,-1)
You swing at nothing.
You die...
Xom cackles wildly!

####. #....
#...8 #####
#!.8. ##...#
#.8._ ....#
##..8. ...
#....8 #.#
#..... #d#
#.##.. #.#
#..... #?#
#####.. #.#
#.%.... #.#
#.#####
#.##########.#
#............#
####.######..#
#.## #<.#


There were no monsters in sight!

Table legend:
 A = Turns spent in this place as a percentage of turns spent in the entire game.
 B = Non-inter-level travel turns spent in this place as a percentage of non-inter-level travel turns spent in the entire game.
 C = Inter-level travel turns spent in this place as a percentage of turns spent in this place.
 D = Turns resting spent in this place as a percentage of non-inter-level travel turns spent in this place.
 E = Turns spent auto-exploring this place as a percentage of non-inter-level travel turns spent in this place.
 F = Non-inter-level travel turns spent in this place divided by the number of levels of this place that you've seen.
                   A       B       C       D       E      F
               +-------+-------+-------+-------+-------+----------------------
         Total | 100.0 | 100.0 |   0.2 |   2.5 |   2.5 | 628.5
       Dungeon | 100.0 | 100.0 |   0.2 |   2.5 |   2.5 | 628.5
               +-------+-------+-------+-------+-------+----------------------

Table legend:
 A = Kills in this place as a percentage of kills in entire the game.
 B = Kills by you in this place as a percentage of kills by you in the entire game.
 C = Kills by friends in this place as a percentage of kills by friends in the entire game.
 D = Other kills in this place as a percentage of other kills in the entire game.
 E = Experience gained in this place as a percentage of experience gained in the entire game.
 F = Experience gained in this place divided by the number of levels of this place that you have seen.
                   A       B       C       D       E      F
               +-------+-------+-------+-------+-------+----------------------
         Total | 100.0 | 100.0 |  -nan |  -nan | 100.0 |  17.5
       Dungeon | 100.0 | 100.0 |  -nan |  -nan | 100.0 |  17.5
               +-------+-------+-------+-------+-------+----------------------

Vanquished Creatures
  An adder (D:2)
  A giant gecko (D:1)
  A ball python (D:1)
  2 goblins (D:1)
  2 hobgoblins (D:1)
  A kobold (D:1)
  3 bats (D:1)
  2 giant newts
  A rat (D:2)
14 creatures vanquished.

Notes
Turn   | Place    | Note
--------------------------------------------------------------
     0 | D:1      | gw the Draconian Transmuter began the quest for the Orb.
     0 | D:1      | Reached XP level 1. HP: 16/16 MP: 3/3
   334 | D:1      | Reached XP level 2. HP: 14/23 MP: 5/5
  1143 | D:2      | Found a faded altar to an unknown god.
  1167 | D:2      | Found a bloodstained altar of Trog.
  1250 | D:2      | Found a shimmering altar of Xom.
  1251 | D:2      | Found a shimmering altar of Xom.
  1252 | D:2      | Found a shimmering altar of Xom.
  1253 | D:2      | Found a shimmering altar of Xom.
  1268 | D:2      | Found a shimmering altar of Xom.
  1273 | D:2      | Became a worshipper of Xom of Enforced Whimsey
  1309 | D:2      | HP: 1/23 [poisoned by an adder]
  1313 | D:2      | Succumbed to an adder's poison

Action                   || total
-------------------------++-------
Melee: Unarmed           ||    59
Throw: Stone             ||    21
 Cast: Beastly Appendage ||    15
  Eat: Bread ration      ||     1

Vault maps used:
D:1:      dpeg_arrival_arbitrary_c
D:2:      xom_redecorated, overflow_temple_1_default,
          nicolae_overflow_hidden_temple, ecumenical_altar_2,
          minmay_statues_item, grunt_decor_cap
